 Dungeon Crawl Stone Soup version 0.20-a0-864-g92acfd1 (webtiles) character file.

392 polly the Bolt Thrower (level 6, -2/50 HPs)
             Began as a Centaur Hunter on Mar 12, 2017.
             Slain by an iguana (8 damage)
             ... on level 4 of the Dungeon.
             The game lasted 00:05:04 (3694 turns).

polly the Bolt Thrower (Centaur Hunter)             Turns: 3694, Time: 00:05:04

Health: -2/50      AC: 16    Str: 15      XL:     6   Next: 51%
Magic:  6/6        EV:  2    Int:  8 (10) God:
Gold:   207        SH:  0    Dex:  8 (11) Spells: 5/5 levels left

rFire    . . .     SeeInvis .   b - +0 short sword
rCold    . . .     Gourm    .   u - +0 chain mail
rNeg     . . .     Faith    .   (no shield)
rPois    .         Spirit   .   i - +0 helmet
rElec    .         Reflect  .   n - +2 cloak
rCorr    .         Harm     .   g - +0 pair of gloves
MR       .....                  t - +0 centaur barding
Stlth    ..........             (no amulet)
Regen    0.2/turn               (no ring)
MPRegen  0.1/turn               (no ring)

@: lethally poisoned (-2 -> -3), very quick
A: hooves 3, deformed body, speed 2, tough skin 3
a: no special abilities


You were on level 4 of the Dungeon.
You were not hungry.

You visited 1 branch of the dungeon, and saw 4 of its levels.

You collected 207 gold pieces.

Inventory:

Hand Weapons
 a - a +1 hand crossbow
 b - a +0 short sword (weapon)
Missiles
 d - a bolt
Armour
 g - a +0 pair of gloves (worn)
 i - a +0 helmet (worn)
 n - a +2 cloak (worn)
 t - a +0 centaur barding (worn)
 u - a +0 chain mail (worn)
Scrolls
 e - a scroll of recharging {unknown}
 h - a scroll of random uselessness {unknown}
 j - 3 scrolls of teleportation {unknown}
 l - 2 scrolls of remove curse {unknown}
 m - a scroll of fog {unknown}
 o - a scroll of blinking {unknown}
 r - 3 scrolls of identify {unknown}
 B - 3 scrolls of fear {unknown}
Potions
 c - 2 potions of might {unknown}
 k - 2 potions of degeneration
 q - a potion of berserk rage {unknown}
 v - a potion of curing
 w - a potion of heal wounds {unknown}
 x - a potion of haste {unknown}
 z - a potion of ambrosia {unknown}
 A - a potion of mutation {unknown}
Books
 y - a book of Conjurations

   Spells                             Type                      Level
   a - Magic Dart                     Conjuration                  1
   b - Searing Ray                    Conjuration                  2
   c - Dazzling Spray                 Conjuration/Hexes            3
   d - Fulminant Prism                Conjuration/Hexes            4
   e - Force Lance                    Conjuration/Translocation    4
   f - Iskenderun's Mystic Blast      Conjuration                  4
Comestibles
 f - 5 bread rations
 p - 2 meat rations
 s - 4 fruits


   Skills:
 + Level 2.8 Fighting
 - Level 0.8 Short Blades
 * Level 7.8 Crossbows
 + Level 1.1 Armour
 - Level 1.5 Dodging
 + Level 0.4 Stealth


You had 5 spell levels left.
You didn't know any spells.

Dungeon Overview and Level Annotations

Branches:
Dungeon (4/15)
 Temple: D:4-7

Altars:
Fedhas
Xom


Innate Abilities, Weirdness & Mutations

You have hooves in place of feet.
Armour fits poorly on your strangely shaped body.
You cover ground very quickly.
You have extremely tough skin. (AC +3)


Message History

You barely miss the iguana.
The iguana is lightly wounded.
You feel sick.
The iguana bites you but does no damage.
You barely miss the iguana.
The iguana is lightly wounded.
The iguana bites you but does no damage.
The iguana bites you.
* * * LOW HITPOINT WARNING * * *
You hit the iguana but do no damage.
The iguana is lightly wounded.
The iguana bites you but does no damage.
You hit the iguana. You kick the iguana, but do no damage.
The iguana is lightly wounded.
You feel sick. The iguana bites you!
* * * LOW HITPOINT WARNING * * *
You closely miss the iguana.
The iguana is lightly wounded.
The iguana bites you!
You die...

##.#..# ## ......# ..
##.#.## ##.####
.....# ##### #.....#
.....###...## #.....
.. ......#.....####
#..(#....
.....##.###....#
#........ #.......#
#..#.####.#
##..###.###.....@l..#
##.# #..(..##.######
#.#####.###.......#
###.##..............#
....##.##.#†#.......#
#...## #............#
....# #.##.#.......#
##### #.##.#.......#
.....#.......#


You could see an iguana.

Vanquished Creatures
  2 phantoms
  3 worker ants (D:4)
  9 adders
  An ooze (D:2)
  2 worms
  A leopard gecko (D:2)
  2 orcs (D:3)
  A giant cockroach (D:2)
  9 goblins
  9 hobgoblins
  2 jackals (D:3)
  3 quokkas
  6 bats
  8 frilled lizards
  3 kobolds
  5 rats (D:1)
66 creatures vanquished.

Vanquished Creatures (others)
  A plant (D:4)
1 creature vanquished.

Grand Total: 67 creatures vanquished

Notes
Turn   | Place    | Note
-------+----------+-------------------------------------------
     0 | D:1      | polly the Centaur Hunter began the quest for the Orb.
     0 | D:1      | Reached XP level 1. HP: 17/17 MP: 1/1
   240 | D:1      | Reached XP level 2. HP: 24/24 MP: 2/2
   388 | D:1      | Reached skill level 5 in Crossbows
   885 | D:2      | Reached XP level 3. HP: 29/29 MP: 3/3
  1054 | D:2      | Found a shimmering altar of Xom.
  1054 | D:2      | Found a blossoming altar of Fedhas.
  1578 | D:3      | Noticed a phantom
  1592 | D:3      | Killed a phantom
  1592 | D:3      | Reached skill level 6 in Crossbows
  1592 | D:3      | Reached XP level 4. HP: 37/37 MP: 4/4
  1592 | D:3      | Reached XP level 5. HP: 42/42 MP: 5/5
  1841 | D:3      | Reached skill level 7 in Crossbows
  2730 | D:4      | Noticed a phantom
  2822 | D:4      | Killed a phantom
  2822 | D:4      | Reached skill level 1 in Armour
  2822 | D:4      | Reached XP level 6. HP: 21/50 MP: 6/6
  3694 | D:4      | Slain by an iguana

Vault maps used:
D:1:      dpeg_arrival_tiny_d
D:2:      gammafunk_temple_overflow_elements
D:3:      first_bread
D:4:      tso_oasis_becter, serial_shops, shop

Skill      XL: |  1  2  3  4  5 |
---------------+----------------+-----
Crossbows      | 5 6 7 |  7.8
Armour         | 1 |  1.1
Fighting       | |  2.8
Short Blades   | |  0.8
Dodging        | |  1.5
Stealth        | |  0.4

Action                   |  1- 3 |  4- 6 || total
-------------------------+-------+-------++-------
Melee: Short sword       |       |   116 ||   116
       Kick              |       |    22 ||    22
 Fire: Hand crossbow     |   111 |    73 ||   184
  Use: Potion            |       |     2 ||     2
  Eat: Chunk             |       |     2 ||     2
       Meat ration       |       |     1 ||     1
Armor: Leather armour    |    18 |       ||    18
       Chain mail        |     2 |   123 ||   125
Dodge: Dodged            |    15 |    13 ||    28
